 Dungeon Crawl Stone Soup version 0.27-a0-887-gcab673c142 (webtiles) character file.

Game seed: 11289414469826156637

29164 jestyr24 the Eclecticist (level 13, -22/73 HPs)
             Began as a Deep Elf Conjurer on Apr 5, 2021.
             Was an Elder of Vehumet.
             Annihilated by a death yak (23 damage)
             ... on level 2 of the Lair of Beasts.
             The game lasted 01:36:02 (17457 turns).

jestyr24 the Eclecticist (Deep Elf Conjurer)       Turns: 17457, Time: 01:36:03

Health: -22/73     AC: 11    Str: 10    XL:     13   Next: 13%
Magic:  27/35      EV: 14    Int: 29    God:    Vehumet [****..]
Gold:   744        SH:  7    Dex: 19    Spells: 30/45 levels left

rFire    . . .     SeeInvis .   V - staff of conjuration
rCold    . . .     Faith    .   m - +1 buckler {AC+3}
rNeg     . . .     Spirit   .   b - +0 steam dragon scales
rPois    .         Reflect  .   R - +0 hat
rElec    .         Harm     .   n - +0 cloak
rCorr    .         Rampage  .   P - +0 pair of gloves
Will     +....                  G - +0 pair of boots
Stlth    +++.......             x - amulet of magic regeneration
HPRegen  0.22/turn              p - +6 ring of strength
MPRegen  0.49/turn              L - +6 ring of dexterity

@: no status effects
A: no striking features
a: Renounce Religion


You were on level 2 of the Lair of Beasts.
You worshipped Vehumet.
Vehumet was greatly pleased with you.
You visited 3 branches of the dungeon, and saw 16 of its levels.

You collected 744 gold pieces.

Inventory:

Hand Weapons
 f - a +5 flail
 j - a +6 dagger of holy wrath
Missiles
 i - 86 poisoned darts
 q - 15 boomerangs
 B - 4 silver javelins
 C - 7 javelins
 I - 14 boomerangs of dispersal
Armour
 b - +0 steam dragon scales (worn)
 c - a +1 tower shield of fire resistance
 m - a +1 buckler of protection (worn)
 n - a +0 cloak (worn)
 w - a +0 kite shield
 y - a +2 robe of resistance
 F - the +5 scale mail of the Orb {Will+}
   (You found it on level 7 of the Dungeon)

   It increases your willpower.
 G - a +0 pair of boots (worn)
 O - a +0 troll leather armour
 P - a +0 pair of gloves (worn)
 R - a +0 hat (worn)
 W - the +2 ring mail "Puurghe" {Harm rPois Int+2 Dex-5}
   (You found it on level 12 of the Dungeon)

   It affects your intelligence (+2).
   It affects your dexterity (-5).
   It protects you from poison.
   It increases damage dealt and taken.
Magical Staves
 V - a staff of conjuration (weapon)
Jewellery
 l - a ring of protection from cold
 p - a +6 ring of strength (left hand)
 x - an amulet of magic regeneration (around neck)
 J - an amulet of faith
 L - a +6 ring of dexterity (right hand)
Wands
 h - a wand of polymorph (12)
 t - a wand of iceblast (7)
 K - a wand of digging (7)
 N - a wand of mindburst (5)
 Z - a wand of acid (4)
Scrolls
 d - a scroll of enchant weapon
 e - a scroll of magic mapping
 r - a scroll of fear
 u - 2 scrolls of brand weapon
 D - 4 scrolls of fog
 E - 2 scrolls of silence
 Q - 2 scrolls of enchant armour
 S - 4 scrolls of amnesia
 Y - 3 scrolls of teleportation
Potions
 a - a potion of degeneration {unknown}
 g - 2 potions of heal wounds
 k - 3 potions of curing
 o - a potion of lignification {unknown}
 s - 2 potions of haste
 v - 2 potions of cancellation
 z - 2 potions of flight
 T - a potion of mutation {unknown}
 X - a potion of magic {unknown}
Miscellaneous
 U - a box of beasts


   Skills:
 + Level 5.5 Fighting
 - Level 4.6 Dodging
 - Level 4.8 Stealth
 - Level 4.1 Shields
 + Level 16.9 Spellcasting
 + Level 13.1 Conjurations
 * Level 12.2 Hexes


You had 30 spell levels left.
You knew the following spells:

 Your Spells              Type           Power      Damage    Failure   Level
a - Magic Dart            Conj           100%       1d8       0%          1
b - Searing Ray           Conj           100%       3d7       0%          2
c - Fulminant Prism       Conj/Hex       49%        3d21      1%          4
d - Bolt of Magma         Conj/Fire/Erth 33%        4d15      2%          5
e - Inner Flame           Hex/Fire       56%        N/A       1%          3

Your spell library contained the following spells:

 Spells                   Type           Power      Damage    Failure   Level
 Corona                   Hex            85%        N/A       0%          1
 Animate Skeleton         Necr           48%        N/A       1%          1
 Pain                     Necr           96%        1d8       1%          1
 Ensorcelled Hibernation  Hex/Ice        100%       N/A       1%          2
 Slow                     Hex            77%        N/A       1%          2
 Confusing Touch          Hex            77%        N/A       1%          3
 Dazzling Flash           Conj/Hex       100%       N/A       1%          3
 Portal Projectile        Hex/Tloc       100%       N/A       1%          3
 Tukima's Dance           Hex            77%        N/A       1%          3
 Cause Fear               Hex            38%        N/A       1%          4
 Iskenderun's Mystic Bla  Conj/Tloc      76%        2d15      1%          4
 Leda's Liquefaction      Hex/Erth       28%        N/A       1%          4
 Vampiric Draining        Necr           12%        2d7       5%          3
 Animate Dead             Necr           12%        N/A       19%         4
 Agony                    Necr           24%        N/A       45%         5


Dungeon Overview and Level Annotations

Branches:
Dungeon (12/15)            Temple (1/1) D:7            Lair (3/6) D:8
  Snake (0/4) Lair:2          Orc (0/2) D:9
  Swamp: Lair:2-4    Shoals: Lair:2-4

Altars:
Ashenzari
Cheibriados
Dithmenos
Elyvilon
Fedhas
Hepliaklqana
Kikubaaqudgha
Makhleb
Nemelex Xobeh
Okawaru
Qazlal
Ru
Uskayaw
Vehumet
Xom
Yredelemnul
Zin
The Shining One

Shops:
D:2 [   D:11 (


Message History

A yak comes into view.
The death yak is engulfed in blazing flames. x2
The yak moves out of view.
There is a stone staircase leading up here.
You climb upwards.
There is a stone staircase leading down here.
You start resting.
Magic restored.
You climb downwards.
You feel an oppressive heat about you.
There is an entrance to a volcano on this level.
Hurry and find it before the entrance collapses!
You hear the slow rumble of a very distant avalanche of rocks.
The death yak gores you. The death yak misses you.
A yak comes into view.
There is a stone staircase leading up here.
The yak bellows!
The death yak gores you but does no damage.
The death yak gores you.
You climb upwards.
There is a stone staircase leading down here.
Casting: Searing Ray (safe; 0% risk of failure)
Confirm with . or Enter, or press ? or * to list all spells.
Aiming: Fulminant Prism (safe; 1% risk of failure)
Press: ? - help, Dir - move target You feel a surge of power!
You conjure a prism of explosive energy!
A fulminant prism comes into view.
You block the death yak's attack. The death yak gores you!
Casting: Fulminant Prism (safe; 1% risk of failure)
Confirm with . or Enter, or press ? or * to list all spells.
Aiming: Bolt of Magma (dangerous; 2% risk of failure)
Press: ? - help, Shift-Dir - straight line You feel a surge of power!
The bolt of magma hits the death yak!!
The death yak is heavily wounded.
The death yak gores you!! The death yak gores you!
Your fulminant prism crackles loudly.
The death yak gores you!!
* * * LOW HITPOINT WARNING * * *
The death yak gores you!!
You die...

.....#........#
..............##
.####...(......## .#
##...........###
.###............#.#
..###†...........##
..##..#........(..#
..###.#..........P#
...#..#.........@.#
###...#.........YY##
###.###............#
....# #..........*.#
#..## #.#..........#
...# ###..........#
...## #.##.......#
....# #####.....##
....#### #####P#.##


You could see 2 death yaks and a friendly fulminant prism.

Vanquished Creatures
  Fannar (Lair:2)
  Harold (D:11)
  A hydra (Lair:2)
  4 two-headed ogres
  2 death yaks (Lair:3)
  The ghost of
  12572944 the Nimble, a novice DjIE of Makhleb (D:9)
  Nergalle (Lair:2)
  A deep elf pyromancer (D:12)
  The ghost of Akhra the Carver, a novice TeGl of Wu Jian (D:7)
  Maurice (D:9)
  A black mamba (Lair:2)
  3 gargoyles
  A rime drake (Lair:1)
  8 cane toads
  2 unseen horrors
  8 komodo dragons
  3 kobold demonologists
  2 trolls
  2 polar bears (Lair:1)
  2 hornets (D:8)
  3 slime creatures (D:12)
  A water elemental (D:12)
  A shadow (D:10)
  A wraith (D:12)
  10 yaks (Lair:1)
  4 vampires
  3 wyverns
  4 vampire mosquitoes (D:12)
  A steam dragon (D:8)
  3 nagas (Lair:2)
  4 wargs (D:12)
  7 water moccasins
  Duvessa (D:5)
  10 orc warriors
  A sky beast (D:6)
  3 black bears
  A necrophage (D:7)
  4 ogres
  6 wolves (Lair:2)
  3 centaurs
  7 kobold brigands
  5 bullfrogs
  4 scorpions
  2 water moccasin zombies
  Dowan (D:5)
  17 killer bees
  6 electric eels
  4 howler monkeys
  A bullfrog zombie (D:6)
  5 centaur zombies
  5 quasits (D:7)
  2 hounds (D:5)
  7 orc priests
  A jelly (D:5)
  2 bullfrog skeletons
  A centaur skeleton (D:6)
  12 iguanas
  8 orc wizards
  3 killer bee zombies (D:7)
  2 hound skeletons
  A hound zombie (D:5)
  A howler monkey skeleton (D:5)
  3 howler monkey zombies (D:7)
  2 gnolls (D:10)
  8 adders
  2 shadow imps
  2 white imps
  An ufetubus (D:5)
  An adder skeleton (D:4)
  5 worms
  2 dart slugs
  36 orcs
  12 endoplasms
  A giant cockroach (D:4)
  3 goblins
  5 hobgoblins
  9 jackals
  31 kobolds
  6 quokkas
  10 ball pythons
  5 bats
  17 frilled lizards
  23 rats
398 creatures vanquished.

Vanquished Creatures (others)
  A frilled lizard (Lair:1)
  101 fulminant prisms
  22 fungi
  71 plants
195 creatures vanquished.

Grand Total: 593 creatures vanquished

Notes
Turn   | Place    | Note
-------+----------+-------------------------------------------
     0 | D:1      | jestyr24 the Deep Elf Conjurer began the quest for the Orb.
     0 | D:1      | Reached XP level 1. HP: 10/10 MP: 6/6
   261 | D:1      | Reached XP level 2. HP: 15/15 MP: 6/8
   776 | D:1      | Reached skill level 5 in Conjurations
  1126 | D:2      | Reached XP level 3. HP: 19/19 MP: 7/9
  1129 | D:2      | Learned a level 2 spell: Searing Ray
  1272 | D:2      | Found Sawn's Armour Shoppe.
  1715 | D:2      | Reached XP level 4. HP: 21/24 MP: 6/11
  2634 | D:3      | Reached skill level 4 in Spellcasting
  2747 | D:3      | Found a faded altar of an unknown god.
  3020 | D:3      | Learned a level 4 spell: Fulminant Prism
  3030 | D:4      | Reached XP level 5. HP: 28/28 MP: 8/13
  3039 | D:4      | Reached skill level 1 in Hexes
  3188 | D:4      | Reached skill level 5 in Spellcasting
  3258 | D:4      | Reached XP level 6. HP: 30/32 MP: 8/15
  4765 | D:4      | Reached skill level 6 in Spellcasting
  4765 | D:4      | Reached XP level 7. HP: 37/37 MP: 11/18
  4933 | D:5      | Entered Level 5 of the Dungeon
  5332 | D:5      | Reached skill level 7 in Spellcasting
  5439 | D:5      | Reached XP level 8. HP: 28/42 MP: 13/21
  5551 | D:5      | Noticed Duvessa
  5552 | D:5      | Noticed Dowan
  5558 | D:5      | Killed Duvessa
  5559 | D:5      | Reached skill level 8 in Spellcasting
  5561 | D:5      | Killed Dowan
  5562 | D:5      | Reached skill level 1 in Fighting
  6105 | D:6      | Reached skill level 5 in Hexes
  6192 | D:6      | Reached skill level 9 in Spellcasting
  6553 | D:6      | Reached XP level 9. HP: 48/48 MP: 19/24
  6593 | D:6      | Reached skill level 10 in Spellcasting
  6625 | D:6      | Found a broken altar of Ashenzari.
  6945 | D:7      | Identified the +5 scale mail of the Orb {Will+}
  7058 | D:7      | Found a staircase to the Ecumenical Temple.
  7086 | Temple   | Entered the Ecumenical Temple
  7091 | Temple   | Became a worshipper of Vehumet
  7237 | D:7      | Found a transporter.
  7241 | D:7      | Noticed Akhra's ghost (novice TeGl)
  7250 | D:7      | Reached skill level 11 in Spellcasting
  7381 | D:7      | Found a transporter.
  7395 | D:7      | Found a glowing silver altar of Zin.
  7827 | D:7      | Found a basalt altar of Yredelemnul.
  7913 | D:7      | Killed Akhra's ghost
  7914 | D:7      | Reached skill level 12 in Spellcasting
  8266 | D:8      | Reached XP level 10. HP: 54/54 MP: 21/28
  8284 | D:8      | Found a shimmering altar of Xom.
  8315 | D:8      | Reached * piety under Vehumet
  8315 | D:8      | Offered knowledge of Freeze by Vehumet.
  8454 | D:8      | Found a staircase to the Lair.
  8670 | D:8      | Noticed a gargoyle
  8676 | D:8      | Killed a gargoyle
  8677 | D:8      | Reached skill level 13 in Spellcasting
  8720 | D:8      | Found a hazy altar of Hepliaklqana.
  8722 | D:8      | Found a faded altar of an unknown god.
  8746 | D:8      | Found a stormy altar of Qazlal.
  9229 | D:9      | Noticed Maurice
  9365 | D:9      | Killed Maurice
  9366 | D:9      | Reached skill level 10 in Conjurations
  9542 | D:9      | Noticed a two-headed ogre
  9550 | D:9      | Killed a two-headed ogre
  9598 | D:9      | Found a staircase to the Orcish Mines.
  9823 | D:9      | Found a large runed translucent door.
  9823 | D:9      | Found a large runed translucent door.
  9827 | D:9      | Noticed 12572944's ghost (novice DjIE)
 10106 | D:9      | Killed 12572944's ghost
 10248 | D:9      | Reached XP level 11. HP: 38/61 MP: 23/30
 10444 | D:10     | Entered Level 10 of the Dungeon
 10544 | D:10     | Found a blossoming altar of Fedhas.
 10902 | D:10     | Offered knowledge of Shock by Vehumet.
 11230 | D:10     | Reached ** piety under Vehumet
 11579 | D:10     | Reached skill level 5 in Fighting
 11586 | D:10     | Noticed a two-headed ogre
 11594 | D:10     | Killed a two-headed ogre
 11969 | D:10     | Found a hide-covered altar of Uskayaw.
 12020 | D:10     | Found an iron altar of Okawaru.
 12122 | D:11     | Found Oliepouw's Antique Weapon Boutique.
 12241 | D:11     | Reached skill level 14 in Spellcasting
 12274 | D:11     | Noticed Harold
 12600 | D:11     | Killed Harold
 13058 | D:11     | Noticed a two-headed ogre
 13065 | D:11     | Killed a two-headed ogre
 13087 | D:11     | Found a snail-covered altar of Cheibriados.
 13484 | D:12     | Offered knowledge of Mephitic Cloud by Vehumet.
 13584 | D:12     | Noticed a deep elf pyromancer
 13588 | D:12     | Killed a deep elf pyromancer
 13808 | D:12     | Reached skill level 10 in Hexes
 13809 | D:12     | Reached *** piety under Vehumet
 13924 | D:12     | Reached XP level 12. HP: 59/68 MP: 25/32
 13989 | D:12     | Reached skill level 15 in Spellcasting
 14101 | D:12     | Noticed a two-headed ogre
 14107 | D:12     | Killed a two-headed ogre
 14285 | D:12     | Identified the +2 ring mail "Puurghe" {Harm rPois Int+2
                  | Dex-5}
 14507 | Lair:1   | Entered Level 1 of the Lair of Beasts
 14539 | Lair:1   | Offered knowledge of Ignite Poison by Vehumet.
 15043 | Lair:1   | Reached **** piety under Vehumet
 15227 | Lair:1   | Reached skill level 16 in Spellcasting
 15765 | Lair:1   | Offered knowledge of Bolt of Magma by Vehumet.
 15772 | Lair:1   | Learned a level 5 spell: Bolt of Magma
 15801 | Lair:2   | Learned a level 3 spell: Inner Flame
 16049 | Lair:2   | Found a staircase to the Snake Pit.
 16413 | Lair:2   | Noticed an eight-headed hydra
 16427 | Lair:2   | Killed an eight-headed hydra
 16896 | Lair:2   | Noticed Fannar
 16904 | Lair:2   | Killed Fannar
 17090 | Lair:2   | Reached XP level 13. HP: 73/73 MP: 31/35
 17226 | Lair:2   | Noticed Nergalle
 17231 | Lair:2   | Killed Nergalle
 17457 | Lair:2   | HP: 1/73 [death yak (22)]
 17457 | Lair:2   | Annihilated by a death yak

Illustrated notes

Levels and vault maps discovered:
D:1:      psy_arrival_radial01, layout_loops_cross, kennysheep_minor_cross
D:2:      layout_loops_ring, serial_shops, shop, minmay_pentomino_p2
D:3:      layout_basic, chequers_ecumenical_altar_simple_redux, minivault_27
D:4:      kennysheep_big_flooded_room, layout_loops_corners, minmay_rat_hole
D:5:      layout_rooms, uniq_duvessa
D:6:      layout_rooms, lemuel_tele_altar
D:7:      layout_rooms, kennysheep_little_box, nicolae_yredelemnul_corpse_copse,
          minmay_temple_entry_mist, serial_corexii_hall, corexii_hall_statues_l,
          corexii_hall_statues_i, gammafunk_ghost_stat_death, solitary_fountain,
          minmay_unpleasant_kobolds
D:8:      layout_basic, general_overflow_altar, pf_just_have_faith,
          beargit_hepliaklqana_dungeon_heroes, lair_entry_dummy
D:9:      layout_long_grid, david_orc_2, ebering_ghost_disaster_area,
          uniq_maurice
D:10:     layout_rooms, lemuel_coloured_pillars_altar, fedhas_ov_isle_minmay,
          okawaru_altar_gauntlet_db, serial_bayou, serial_bayou_pond_a,
          serial_bayou_lagoon_b, serial_bayou_ford_a, serial_bayou_lagoon_a
D:11:     layout_basic, serial_shops, shop, minmay_misc_feat_room,
          cheibriados_altar_1, uniq_harold
D:12:     layout_grid_maze, minivault_21, nooodl_orcs_dogs
Temple:   cyrus_circular_temple
Lair:1:   lemuel_reptile_caves, layout_regular_city,
          hangedman_lair_unloving_vines
Lair:2:   layout_cave_pods, guppyfry_snake_entry_garden, uniq_nergalle,
          uniq_fannar
Lair:3:   layout_cave_pods, nicolae_volcano_entry_hallway, st_stairs_5

Skill      XL: |  1  2  3  4  5  6  7  8  9 10 11 12 13 |
---------------+----------------------------------------+-----
Conjurations   | 5 6 7 8 9 10 11 12 13 | 13.1
Stealth        | 3 4 |  4.8
Spellcasting   | 4 5 6 7 9 12 13 14 16 | 16.9
Hexes          | 1 3 4 5 7 8 10 12 | 12.2
Dodging        | 3 4 |  4.6
Fighting       | 1 2 4 5 |  5.5
Shields        | 3 4 |  4.1

Action                   |  1- 3 |  4- 6 |  7- 9 | 10-12 | 13-15 || total
-------------------------+-------+-------+-------+-------+-------++-------
Melee: Mace              |       |    13 |       |       |       ||    13
       Short sword       |       |     4 |     1 |       |       ||     5
       Dagger            |       |       |     4 |     8 |       ||    12
 Cast: Magic Dart        |    67 |   133 |   114 |   240 |     1 ||   555
       Searing Ray       |       |    10 |    48 |   108 |     5 ||   171
       Fulminant Prism   |       |       |    14 |    85 |     3 ||   102
       Bolt of Magma     |       |       |       |    12 |    13 ||    25
       Inner Flame       |       |       |       |     5 |     3 ||     8
Evoke: Wand              |       |       |       |     1 |       ||     1
  Use: Scroll            |       |       |    19 |     5 |       ||    24
Armor: Robe              |     4 |     9 |    24 |       |       ||    37
       Steam dragon scal |       |       |       |    45 |     2 ||    47
Dodge: Dodged            |    10 |    20 |    59 |    80 |     2 ||   171
Block: Buckler           |       |     2 |    10 |    50 |     2 ||    64

Table legend: (Time is in decaauts)
 A = Elapsed time spent in this place.
 B = Non-inter-level travel time spent in this place.
 C = Inter-level travel time spent in this place.
 D = Time resting spent in this place.
 E = Time spent auto-exploring this place.
 F = Levels seen in this place.
 G = Mean time per level.
                   A        B        C        D        E       F      G
               +--------+--------+--------+--------+--------+-----+--------+
         Total |  17531 |  17004 |    527 |   4743 |   9594 |  16 | 1095.7 |
       Dungeon |  14566 |  14117 |    449 |   3979 |   8052 |  12 | 1213.8 |
        Temple |     10 |     10 |      0 |      0 |      0 |   1 |   10.0 |
          Lair |   2955 |   2877 |     78 |    764 |   1542 |   3 |  985.0 |
               +--------+--------+--------+--------+--------+-----+--------+

Top non-repeatable levels by time:
    D:10: 1915 daAuts
     D:4: 1840 daAuts
  Lair:2: 1650 daAuts
     D:7: 1419 daAuts
     D:8: 1270 daAuts
  Lair:1: 1269 daAuts
    D:12: 1182 daAuts
     D:5: 1139 daAuts
     D:3: 1101 daAuts
     D:9: 1056 daAuts
     D:1: 1046 daAuts
    D:11: 983 daAuts
     D:2: 953 daAuts
     D:6: 657 daAuts
  Lair:3: 35 daAuts
